 Dungeon Crawl Stone Soup version 0.29.0-4-gdea44cf6ec (webtiles) character file.

Game seed: 127332089678679857

64 qw the Chopper (level 4, -5/26 HPs)
             Began as a Tengu Warper on Aug 28, 2022.
             Slain by Sigmund
             ... wielding a +0 scythe
              (6 damage)
             ... on level 2 of the Dungeon.
             The game lasted 00:00:10 (2026 turns).

qw the Chopper (Tengu Warper)                       Turns: 2026, Time: 00:00:10

Health: -5/26      AC:  3    Str: 13    XL:     4   Next: 12%
Magic:  8/8        EV: 12    Int: 13    God:
Gold:   155        SH:  0    Dex: 14    Spells: 7/7 levels left

rFire   . . .      SeeInvis .   Y - +0 hand axe
rCold   . . .      Faith    .   (no shield)
rNeg    . . .      Spirit   .   b - +0 leather armour
rPois   .          Reflect  .   (helmet restricted)
rElec   .          Harm     .   (no cloak)
rCorr   .          Rampage  .   (no gloves)
Will    .....                   (boots unavailable)
Stlth   +.........              (no amulet)
HPRegen 0.08/turn               (no ring)
MPRegen 0.11/turn               (no ring)

@: no status effects
A: beak, talons 3
a: no special abilities


You were on level 2 of the Dungeon.
You visited 1 branch of the dungeon, and saw 2 of its levels.

You collected 155 gold pieces.


Innate Abilities, Weirdness & Mutations

You have a beak for a mouth.
You have claws for feet.


   Skills:
 - Level 2.0 Fighting
 + Level 4.7 Axes
 - Level 1.0 Throwing
 - Level 1.1 Armour
 - Level 2.1 Dodging
 - Level 2.0 Spellcasting
 - Level 2.4 Translocations


You had 7 spell levels left.
You didn't know any spells.
Your spell library contained the following spells:

 Spells                   Type           Power      Damage    Failure   Level
 Blink                    Tloc           14%        N/A       19%         2
 Gell's Gravitas          Tloc           7%         N/A       36%         3
 Lesser Beckoning         Tloc           7%         N/A       36%         3
 Teleport Other           Tloc           7%         N/A       36%         3
 Manifold Assault         Tloc           7%         N/A       98%         5

Inventory:

Hand Weapons
 i - a +0 whip
 Y - a +0 hand axe (weapon)
Armour
 a - a +0 pair of gloves
 b - a +0 leather armour (worn)
 d - a +0 ring mail
Scrolls
 e - 2 scrolls of teleportation
 g - 2 scrolls of identify
Potions
 c - 2 potions of curing {unknown}
 j - a potion of magic {unknown}

Dungeon Overview and Level Annotations

Branches:
Dungeon (2/15)

Altars:

Annotations:
D:2 Sigmund


Message History

You hit Sigmund.
Sigmund is lightly wounded.
You hit Sigmund. You claw Sigmund, but do no damage. Your peck misses Sigmund.
Sigmund is lightly wounded.
Sigmund completely misses you.
You hit Sigmund but do no damage. Your kick misses Sigmund. You peck Sigmund.
Sigmund is lightly wounded.
Sigmund barely misses you.
You barely miss Sigmund.
Sigmund is lightly wounded.
You hit Sigmund.
Sigmund is moderately wounded.
Sigmund casts a spell.
Sigmund flickers and vanishes!
Deactivating autopickup; reactivate with Ctrl-A.
Something hits you.
You hit something. Your kick misses something. You closely miss something.
Your kick misses something. Your peck misses something.
Something hits you but does no damage.
You closely miss something. Your peck misses something. Something hits you.
You hit something. Your peck misses something. You hit something.
Your peck misses something. Something hits you!
You miss something. Your kick misses something.
Something hits you but does no damage.
You closely miss something. Your kick misses something.
Your peck misses something. You barely miss something.
Your peck misses something. Something hits you!
You closely miss something. Your peck misses something.
You hear some strange, mumbled words.
Something tries to affect you, but you resist.
You barely miss something. Your peck misses something.
Something hits you but does no damage.
You closely miss something. Your kick misses something. You hit something.
You claw something. Something hits you.
You die...

### #..
################..
#..>...........#..
#.###########..... #.#
###..... #?#
#######..P...P #@#
#..)..........
.......{..#.#####.#.....
###.###:#.# #.#.....
#.#.# #.#..P.. ..# #
#.#.##.. ..#.# #.#.###.
###...## #.#.# #
..#...###.#.. #.##
#...#####


There were no monsters in sight!

Vanquished Creatures
  2 adders (D:2)
  2 dart slugs (D:2)
  5 endoplasms
  3 giant cockroaches
  2 goblins (D:1)
  4 hobgoblins
  8 jackals
  2 quokkas (D:1)
  2 ball pythons (D:2)
  A bat (D:1)
  2 frilled lizards (D:2)
  2 kobolds (D:1)
  2 rats (D:1)
37 creatures vanquished.

Vanquished Creatures (others)
  8 fungi (D:2)
  5 toadstools (D:2)
13 creatures vanquished.

Grand Total: 50 creatures vanquished

Notes
Turn   | Place    | Note
-------+----------+-------------------------------------------
     0 | D:1      | qw the Tengu Warper began the quest for the Orb.
     0 | D:1      | Reached XP level 1. HP: 12/12 MP: 4/4
     0 | D:1      | 0 ||| qw: Version: 0.1-a-89-g26bdef1
     0 | D:1      | 0 ||| qw: Game counter: 237
     0 | D:1      | 0 ||| qw: Always use a shield: true
     0 | D:1      | 0 ||| qw: God list: Okawaru
     0 | D:1      | 0 ||| qw: Allow faded altars: false
     0 | D:1      | 0 ||| qw: Do Orc after D:15 true
     0 | D:1      | 0 ||| qw: Do second Lair branch before Depths: true
     0 | D:1      | 0 ||| qw: Lair rune preference: random
     0 | D:1      | 0 ||| qw: Plans: Normal
     0 | D:1      | 0 ||| PLANNING D:1-11
   272 | D:1      | Reached XP level 2. HP: 17/17 MP: 6/6
   353 | D:1      | Reached skill level 3 in Axes
   672 | D:1      | 672 ||| DROPPING +0 club.
  1459 | D:1      | 1459 ||| READING scroll labelled PESHULA PONI.
  1460 | D:1      | 1460 ||| READING 4 scrolls labelled VOPNAI TAYSM.
  1463 | D:1      | 1463 ||| READING scroll labelled RAASCH PANA.
  1464 | D:1      | 1464 ||| READING 2 scrolls labelled DIROAK BIFIEM.
  1465 | D:1      | 1465 ||| READING scroll labelled ZELUKO CIUTT.
  1466 | D:1      | 1466 ||| DROPPING scroll of blinking.
  1467 | D:1      | 1467 ||| READING 3 scrolls of teleportation.
  1500 | D:2      | Reached XP level 3. HP: 8/21 MP: 7/7
  1727 | D:2      | Reached skill level 4 in Axes
  1750 | D:2      | 1750 ||| Stepping ~*~*~tactically~*~*~ (stealth).
  1751 | D:2      | 1751 ||| Stepping ~*~*~tactically~*~*~ (stealth).
  1817 | D:2      | 1817 ||| Stepping ~*~*~tactically~*~*~ (stealth).
  1829 | D:2      | 1829 ||| Stepping ~*~*~tactically~*~*~ (stealth).
  1862 | D:2      | 1862 ||| Stepping ~*~*~tactically~*~*~ (stealth).
  1912 | D:2      | Reached XP level 4. HP: 26/26 MP: 8/8
  1914 | D:2      | 1914 ||| Stepping ~*~*~tactically~*~*~ (stealth).
  1915 | D:2      | 1915 ||| Stepping ~*~*~tactically~*~*~ (stealth).
  1916 | D:2      | 1916 ||| Stepping ~*~*~tactically~*~*~ (stealth).
  2004 | D:2      | Noticed Sigmund
  2022 | D:2      | HP: 1/26 [something (7)]
  2026 | D:2      | Slain by Sigmund

Levels and vault maps discovered:
D:1:      lightli_arrival_chessboard, layout_loops_corners, serial_forest,
          infiniplex_forest_corner_1, infiniplex_forest_lined_3,
          infiniplex_forest_clump_small, infiniplex_forest_clump_medium,
          infiniplex_forest_zigzag_1, infiniplex_forest_lined_room_,
          infiniplex_forest_end_2
D:2:      minmay_skewed_foursquare, layout_loops_ring, minmay_gold_behind_fungi,
          minivault_5, uniq_sigmund, uniq_jessica

Skill      XL: |  1  2  3 |
---------------+----------+-----
Axes           | 3 4 |  4.7
Fighting       | |  2.0
Throwing       | |  1.0
Armour         | |  1.1
Dodging        | |  2.1
Spellcasting   | |  2.0
Translocations | |  2.4

Action                   |  1- 3 |  4- 6 || total
-------------------------+-------+-------++-------
Melee: Hand axe          |    79 |    24 ||   103
       Kick              |    15 |     4 ||    19
       Peck              |     6 |     3 ||     9
Throw: Boomerang         |     7 |       ||     7
  Use: Scroll            |     6 |       ||     6
Armor: Leather armour    |    11 |     5 ||    16
Dodge: Dodged            |    48 |     5 ||    53

Table legend:
 A = Non-vault XP
 B = Vault XP
 C = Vault XP percentage of total XP
 D = Non-vault monster count
 E = Vault monster count
 F = Vault count percentage of total count
                 A         B        C        D         E       F
            +---------+---------+-------+---------+---------+-------
      Total |      74 |      18 |  19.6 |      34 |       3 |   8.1
            +---------+---------+-------+---------+---------+-------
        D:1 |      31 |       0 |   0.0 |      18 |       0 |   0.0
        D:2 |      43 |      18 |  29.5 |      16 |       3 |  15.8
            +---------+---------+-------+---------+---------+-------
